 Dungeon Crawl Stone Soup version 0.29-a0-378-gc08b2e8bf8 (webtiles) character file.

Game seed: 9987663646294257265

37 Phloxx the Sneak (level 3, 0/30 HPs)
             Began as a Formicid Brigand on May 4, 2022.
             Slain by a jelly (1 damage)
             ... on level 2 of the Dungeon.
             The game lasted 00:02:08 (1694 turns).

Phloxx the Sneak (Formicid Brigand)                 Turns: 1694, Time: 00:02:09

Health: 0/30       AC:  1    Str: 15    XL:     3   Next: 62%
Magic:  3/3        EV: 11    Int: 10    God:
Gold:   94         SH:  0    Dex: 14    Spells: 2/2 levels left

rFire   . . .      SeeInvis +   a - +2 dagger
rCold   . . .      Faith    .   (no shield)
rNeg    . . .      Spirit   .   f - +0 leather armour
rPois   .          Reflect  .   (helmet unavailable)
rElec   .          Harm     .   c - +0 cloak
rCorr   .          Rampage  .   (no gloves)
Will    .....                   l - +0 pair of boots
Stlth   +++.......              (no amulet)
HPRegen 0.10/turn               (no ring)
MPRegen 0.08/turn               (no ring)

@: corroded
A: permanent stasis, dig shafts and tunnels, antennae 3, four strong arms
a: Dig, Shaft Self


You were on level 2 of the Dungeon.
You visited 1 branch of the dungeon, and saw 2 of its levels.

You collected 94 gold pieces.

Inventory:

Hand Weapons
 a - a +2 dagger (weapon)
Missiles
 d - 5 poisoned darts (quivered)
 e - 3 curare-tipped darts {!f}
Armour
 b - a +0 robe
 c - a +0 cloak (worn)
 f - a +0 leather armour (worn)
   (You found it on level 1 of the Dungeon)
 l - a +0 pair of boots (worn)
   (You found it on level 1 of the Dungeon)
Jewellery
 n - a ring of ice
   (You found it on level 2 of the Dungeon)
Scrolls
 g - a scroll of magic mapping {unknown}
 j - 2 scrolls of teleportation {unknown}
 k - 3 scrolls of identify {unknown}
 o - a scroll of vulnerability {unknown}
Potions
 h - a potion of heal wounds {unknown}
 i - a potion of haste {unknown}
 m - a potion of degeneration {unknown}
 p - 2 potions of cancellation {unknown}
 q - a potion of flight {unknown}


   Skills:
 - Level 4.0 Fighting
 - Level 2.0 Short Blades
 - Level 2.0 Throwing
 + Level 1.0 Dodging
 + Level 4.9 Stealth


You had 2 spell levels left.
You didn't know any spells.
Your spell library contained the following spells:

 Spells                   Type           Power      Damage    Failure   Level
 Frozen Ramparts          Ice            0%         1d2       80%         3
 Ice Form                 Ice/Tmut       0%         N/A       99%         4
 Summon Ice Beast         Ice/Summ       0%         N/A       99%         4
 Summon Forest            Summ/Tloc      0%         N/A       100%        5
 Eringya's Noxious Bog    Tmut/Pois      0%         N/A       100%        6
 Summon Hydra             Summ           0%         N/A       100%        7


Dungeon Overview and Level Annotations

Branches:
Dungeon (2/15)

Altars:


Innate Abilities, Weirdness & Mutations

You cannot be hasted, slowed, berserked, paralysed or teleported.
You can dig through walls and to a lower floor.
You have a pair of large antennae on your head. (SInv)
Your four strong arms can wield two-handed weapons with a shield.


Message History

No target in view!
No target in view!
No target in view!
No target in view!
No target in view!
No target in view!
A jelly comes into view.
Found a hat.
A jelly is nearby!
Unknown command.
Throw: 7 darts (poison)
Aim: a jelly (asleep, 98% to hit)
You throw a poisoned dart. The poisoned dart hits the jelly.
The jelly is poisoned.
Throw: 6 darts (poison)
Aim: a jelly (poisoned, 90% to hit)
You throw a poisoned dart. The poisoned dart hits the jelly.
You hit the jelly.
Your hands burn!
The jelly barely misses you.
You hit the jelly but do no damage.
Your hands burn!
The jelly hits you but does no damage.
You are too injured to fight recklessly!
You are too injured to fight recklessly!
You are too injured to fight recklessly!
You are too injured to fight recklessly!
You are too injured to fight recklessly!
You are too injured to fight recklessly!
You are too injured to fight recklessly!
You are too injured to fight recklessly!
You are too injured to fight recklessly!
You are too injured to fight recklessly!
You are too injured to fight recklessly!
You are too injured to fight recklessly!
You are too injured to fight recklessly!
You are too injured to fight recklessly!
You are too injured to fight recklessly!
You are too injured to fight recklessly!
You are too injured to fight recklessly!
You are too injured to fight recklessly!
You are too injured to fight recklessly!
You are too injured to fight recklessly!
You are too injured to fight recklessly!
You hit the jelly.
Your hands burn!
The jelly hits you but does no damage.
You hit the jelly.
Your hands burn!
* * * LOW HITPOINT WARNING * * *
The jelly looks more healthy.
The jelly hits you.
* * * LOW HITPOINT WARNING * * *
The acid corrodes you!
You are splashed with acid!
* * * LOW HITPOINT WARNING * * *
The jelly attacks as you move away! The jelly hits you.
You die...

########## #......... #
###......... #. .
..#......... #.# #.
#.#.....(... ..
#.####.##.......# #.## ## ##
###....#.##.J#....###....##.
.. ...........@[......
....>... .
.....#.#.....#....# #...##.
#.## .............# ...
+...... ...#
...#.#.#.###.###. # #...###
.... .................
..##...... ####
..#.#...###..##. #.........
# .........###..# #.........
########......### #.........
..............#.#.........


You could see a jelly.

Vanquished Creatures
  3 dart slugs
  2 bats
  3 endoplasms
  2 giant cockroaches
  4 goblins
  2 hobgoblins
  2 jackals (D:1)
  A kobold (D:1)
  A quokka (D:1)
  3 ball pythons (D:1)
  A frilled lizard (D:1)
  4 rats
28 creatures vanquished.

Notes
Turn   | Place    | Note
-------+----------+-------------------------------------------
     0 | D:1      | Phloxx the Formicid Brigand began the quest for the Orb.
     0 | D:1      | Reached XP level 1. HP: 16/16 MP: 1/1
   293 | D:1      | Reached XP level 2. HP: 24/24 MP: 2/2
   416 | D:1      | Found a faded altar of an unknown god.
   981 | D:1      | Reached XP level 3. HP: 14/29 MP: 3/3
  1513 | D:2      | Reached skill level 1 in Dodging
  1693 | D:2      | HP: 1/30 [acid (11)]
  1694 | D:2      | Slain by a jelly

Illustrated notes

Levels and vault maps discovered:
D:1:      minmay_arrival_shattered_statue, layout_basic,
          shapermc_ecumenical_altar_petra
D:2:      layout_basic

Skill      XL: |  1  2  3 |
---------------+----------+-----
Fighting       | 3 4 |  4.0
Dodging        | 1 |  1.0
Short Blades   | |  2.0
Throwing       | |  2.0
Stealth        | |  4.9

Action                   || total
-------------------------++-------
Melee: Dagger            ||    90
Throw: Dart              ||    11
 Stab: Sleeping          ||     6
Armor: Robe              ||    15
       Leather armour    ||     9
Dodge: Dodged            ||    52

Table legend: (Time is in decaauts)
 A = Elapsed time spent in this place.
 B = Non-inter-level travel time spent in this place.
 C = Inter-level travel time spent in this place.
 D = Time resting spent in this place.
 E = Time spent auto-exploring this place.
 F = Levels seen in this place.
 G = Mean time per level.
                   A        B        C        D        E       F      G
               +--------+--------+--------+--------+--------+-----+--------+
         Total |   1683 |   1675 |      8 |    423 |    964 |   2 |  841.5 |
       Dungeon |   1683 |   1675 |      8 |    423 |    964 |   2 |  841.5 |
               +--------+--------+--------+--------+--------+-----+--------+

Top non-repeatable levels by time:
     D:1: 1324 daAuts
     D:2: 359 daAuts
